 Dungeon Crawl Stone Soup version 0.31-a0-965-g8a8ce12e04 (webtiles) character file.

Game seed: 3768448788674644495

354 Shayle the Ducker (level 6, -1/37 HPs)
             Began as a Tengu Hexslinger on Oct 26, 2023.
             Was an Initiate of Hepliaklqana.
             Slain by an efreet
             ... wielding a +3 scimitar of flaming
              (7 damage)
             ... on level 1 of the Abyss.
             The game lasted 00:12:08 (4012 turns).

Shayle the Ducker (Tengu Hexslinger)                Turns: 4012, Time: 00:12:09

Health: -1/37      AC: 19    Str:  8    XL:     6   Next: 63%
Magic:  8/8        EV: 11    Int: 16    God:    Hepliaklqana [......]
Gold:   74         SH:  5    Dex: 20    Spells: 5/7 levels left

rFire   . . .        r - +1 long sword (protect)
rCold   . . .        (no shield)
rNeg    + . .        g - +0 ring mail
rPois   .            (helmet restricted)
rElec   .            v - +1 cloak
rCorr   .            w - +4 pair of gloves of Ziokeutt {rN+ Dex+4}
SInv    .            (boots unavailable)
Will    .....        l - amulet of reflection
Stlth   ++           (no ring)
HPRegen 0.26/turn    (no ring)
MPRegen 0.11/turn

%: reflection, acrobat
@: under a protective aura
A: beak, talons 3, acrobatic
a: Renounce Religion


You were on level 1 of the Abyss.
You worshipped Hepliaklqana.
Hepliaklqana was noncommittal.
You visited 2 branches of the dungeon, and saw 6 of its levels.
You visited the Abyss 1 time.

You collected 228 gold pieces.
You spent 154 gold pieces at shops.

Inventory:

Hand Weapons
 a - a +1 sling
 n - a +2 halberd of protection
 r - a +1 long sword of protection (weapon)
Armour
 f - the +3 hat of Pondering {ponderous, Will+ MP+10 Int+5}
   (You acquired it on level 4 of the Dungeon)

   Int+5:     It affects your intelligence (+5).
   Will+:     It increases your willpower.
   MP+10:     It affects your magic capacity (+10).
 g - a +0 ring mail (worn)
 v - a +1 cloak (worn)
 w - the +4 pair of gloves of Ziokeutt (worn) {rN+ Dex+4}
   (You acquired it on level 4 of the Dungeon)

   Dex+4:     It affects your dexterity (+4).
   rN+:       It protects you from negative energy.
Jewellery
 l - an amulet of reflection (around neck)
 m - a ring of ice
Scrolls
 b - 3 scrolls of poison
 d - 3 scrolls of blinking
 e - 2 scrolls of amnesia
 x - 2 scrolls of teleportation
Potions
 h - 2 potions of brilliance {unknown}
 i - a potion of berserk rage {unknown}
 o - a potion of haste
 p - 2 potions of mutation
 t - 2 potions of cancellation {unknown}
 u - a potion of resistance {unknown}


   Skills:
 + Level 3.2 Fighting
 - Level 2.1 Ranged Weapons
 + Level 4.1 Dodging
 + Level 3.3 Stealth
 - Level 1.0 Spellcasting
 - Level 2.1 Hexes
 - Level 1.1 Fire Magic
 + Level 2.9 Air Magic
 + Level 1.5 Invocations


You had 5 spell levels left.
You knew the following spells:

 Your Spells              Type           Power      Damage    Failure   Level
a - Jinxbite              Hex            14%        N/A       41%         2

Your spell library contained the following spells:

 Spells                   Type           Power      Damage    Failure   Level
 Shock                    Conj/Air       20%        1d4       36%         1
 Swiftness                Air            10%        N/A       54%         3
 Sigil of Binding         Hex            7%         N/A       65%         3
 Inner Flame              Hex/Fire       6%         N/A       73%         3
 Gell's Gravitas          Tloc           0%         N/A       91%         3
 Teleport Other           Tloc           0%         N/A       91%         3
 Airstrike                Air            5%         2d(1-17)  91%         4
 Cause Fear               Hex            3%         N/A       96%         4
 Dimensional Bullseye     Hex/Tloc       2%         N/A       99%         4
 Dispersal                Tloc           0%         N/A       100%        6


Dungeon Overview and Level Annotations

Branches:
Dungeon (5/15)             Temple (1/1) D:4

Altars:
Ashenzari
Dithmenos
Hepliaklqana
Kikubaaqudgha
Nemelex Xobeh
Okawaru
Qazlal
Ru
Sif Muna
Uskayaw
Vehumet
Xom
Zin
The Shining One

Shops:
D:4 ?   D:5 (


Innate Abilities, Weirdness & Mutations

You have a beak for a mouth.
You have claws for feet.
You can magically evade attacks while moving or waiting.


Message History

Okay, then.
There is an open door here.
There is an open door here.
Found a gateway leading deeper into the Abyss.
Found a corrupted altar of Lugonu.
An eight-headed hydra skeleton comes into view.
An efreet comes into view.
It is wielding a +3 scimitar of flaming.
The efreet gestures at you.
The fireball explodes!
The fireball engulfs you.
You aren't carrying any items that you can evoke.
Casting: Jinxbite (dangerous; 41% risk of failure)
Confirm with . or Enter, or press ? or * to list all spells.
There is nobody nearby that the sprites are interested in.
As you read the scroll labelled RADOLU BIPHUOM, it crumbles to dust.
It is a scroll of enchant armour.
Your +0 cloak glows green for a moment.
As you read the scroll labelled ASAUWK KOPPINK, it crumbles to dust.
The air around you briefly surges with heat, but it dissipates.
It was a scroll of immolation.
You hit the efreet but do no damage.
Your weapon exudes an aura of protection.
You claw the efreet.
The efreet is lightly wounded.
The efreet gestures at you.
The fireball explodes!
The fireball engulfs you!!
Ouch! That really hurt!
The fireball engulfs the efreet.
The efreet completely resists.
Okay, then.
You hit the efreet but do no damage. You claw the efreet, but do no damage.
You peck the efreet.
The efreet is lightly wounded.
The efreet misses you.
You hit the efreet. You claw the efreet.
The efreet is moderately wounded.
The efreet hits you with a +3 scimitar of flaming!
* * * LOW HITPOINT WARNING * * *
The efreet burns you.
* * * LOW HITPOINT WARNING * * *
The efreet hits you with a +3 scimitar of flaming!
You die...

#..#.....#
##. #.##.. .
# .... #....
...# ..
..##..#.#...#
. .. ...#
...#
.._...#.# .#
..# .#. .
#.##. .>. §
.. #.#### ##.
§.. #@# ##
#R# .
R..☼...#
####.##.## #
#.# ..# #.#
#.# .


You could see an efreet.

Vanquished Creatures
  A hound (D:5)
  A jelly (D:5)
  An orc priest (D:4)
  A sleepcap (D:4)
  An orc wizard (D:4)
  6 adders
  6 gnolls (D:5)
  A white imp (D:5)
  A worm (D:2)
  3 dart slugs
  14 orcs
  A bat (D:2)
  8 endoplasms
  4 giant cockroaches
  6 goblins
  2 hobgoblins
  4 jackals (D:3)
  4 quokkas
  8 ball pythons
  A frilled lizard (D:1)
  4 kobolds
  3 rats
81 creatures vanquished.

Notes
Turn   | Place    | Note
-------+----------+-------------------------------------------
     0 | D:1      | Shayle the Tengu Hexslinger began the quest for the Orb.
     0 | D:1      | Reached XP level 1. HP: 12/12 MP: 3/3
   708 | D:2      | Reached XP level 2. HP: 16/16 MP: 4/4
   713 | D:2      | Learned a level 2 spell: Jinxbite
   734 | D:2      | Reached skill level 1 in Stealth
   802 | D:2      | Reached XP level 3. HP: 9/21 MP: 5/5
  1036 | D:2      | Reached skill level 3 in Dodging
  1225 | D:2      | Reached XP level 4. HP: 15/26 MP: 6/6
  1412 | D:3      | Found a radiant altar of Vehumet.
  1602 | D:3      | Found a hazy altar of Hepliaklqana.
  1609 | D:3      | Reached skill level 1 in Air Magic
  1664 | D:3      | Found a glowing golden altar of the Shining One.
  2263 | D:4      | Reached XP level 5. HP: 31/31 MP: 7/7
  2274 | D:4      | Found a staircase to the Ecumenical Temple.
  2300 | Temple   | Entered the Ecumenical Temple
  2380 | D:3      | Became a worshipper of Hepliaklqana the Forgotten
  2557 | D:4      | Found Ciful's Magic Scroll Emporium.
  2562 | D:4      | Bought a scroll of identify for 28 gold pieces
  2562 | D:4      | Bought a scroll of identify for 28 gold pieces
  2562 | D:4      | Bought a scroll of teleportation for 42 gold pieces
  2562 | D:4      | Bought a scroll of identify for 28 gold pieces
  2562 | D:4      | Bought a scroll of identify for 28 gold pieces
  2564 | D:4      | Identified 2 scrolls of acquirement
  2567 | D:4      | Acquired the +3 hat of Pondering {ponderous, Will+ MP+10
                  | Int+5}
  2567 | D:4      | Found the +3 hat of Pondering {ponderous, Will+ MP+10
                  | Int+5}
  2568 | D:4      | Acquired the +4 pair of gloves of Ziokeutt {rN+ Dex+4}
  3204 | D:5      | Entered Level 5 of the Dungeon
  3204 | D:5      | Found Fampune's Antique Weapon Shoppe.
  3215 | D:4      | Reached skill level 1 in Invocations
  3340 | D:5      | Reached XP level 6. HP: 36/36 MP: 8/8
  3738 | D:5      | Reached skill level 4 in Dodging
  3939 | Abyss:1  | Found a corrupted altar of Lugonu.
  3939 | Abyss:1  | Cast into level 1 of the Abyss (gnoll sergeant)
  3997 | Abyss:1  | Found a corrupted altar of Lugonu.
  4004 | Abyss:1  | Noticed an efreet
  4012 | Abyss:1  | Slain by an efreet

Illustrated notes

Levels and vault maps discovered:
D:1:      saegor_arrival_simple_b, layout_loops_ring
D:2:      layout_basic
D:3:      layout_basic, vehumet_crystals, mainiacjoe_overflow_boulevard,
          lemuel_tele_altar, small_statue_intersection, minmay_bisected
D:4:      layout_loops_ring, minmay_temple_entry_overgrown, serial_shops,
          nicolae_shop_hallway_plus
D:5:      layout_cave_pools, serial_gnoll_camp, gnoll_camp_mini_house,
          gnoll_camp_mini_house, gnoll_camp_mini_house, gnoll_camp_mini_basic,
          nicolae_stop_n_shop_1
Temple:   hellmonk_temple_of_storms
Abyss:1:  base: D:3, evilmike_abyss_exit_16

Skill      XL: |  1  2  3  4  5  6 |
---------------+-------------------+-----
Stealth        | 1 2 3 |  3.3
Fighting       | 2 3 |  3.2
Dodging        | 3 4 |  4.1
Air Magic      | 1 2 |  2.9
Invocations    | 1 |  1.5
Ranged Weapons | |  2.1
Spellcasting   | |  1.0
Hexes          | |  2.1
Fire Magic     | |  1.1

Action                     |  1- 3 |  4- 6 || total
---------------------------+-------+-------++-------
  Melee: Long sword        |       |    80 ||    80
         Kick              |       |    24 ||    24
         Peck              |       |    17 ||    17
   Fire: Sling             |    89 |   146 ||   235
  Evoke: Wand              |       |     2 ||     2
    Use: Scroll            |       |    15 ||    15
         Potion            |       |     2 ||     2
 Armour: Ring mail         |    41 |   128 ||   169
  Dodge: Dodged            |    40 |   134 ||   174
  Block: Other             |     7 |    57 ||    64
         Reflection        |       |     2 ||     2

Table legend: (Time is in decaauts)
 A = Elapsed time spent in this place.
 B = Non-inter-level travel time spent in this place.
 C = Inter-level travel time spent in this place.
 D = Time resting spent in this place.
 E = Time spent auto-exploring this place.
 F = Levels seen in this place.
 G = Mean time per level.
                   A        B        C        D        E       F      G
               +--------+--------+--------+--------+--------+-----+--------+
         Total |   4158 |   3902 |    256 |    574 |   2171 |   7 |  594.0 |
       Dungeon |   4083 |   3828 |    255 |    574 |   2171 |   5 |  816.6 |
        Temple |      1 |      0 |      1 |      0 |      0 |   1 |    1.0 |
         Abyss |     73 |     73 |      0 |      0 |      0 |   1 |   73.0 |
               +--------+--------+--------+--------+--------+-----+--------+

Top non-repeatable levels by time:
     D:4: 1045 daAuts
     D:3: 1032 daAuts
     D:2: 748 daAuts
     D:1: 707 daAuts
     D:5: 549 daAuts
 Abyss:1: 73 daAuts
  Temple: 1 daAuts
